 Dungeon Crawl Stone Soup version 0.24-a0-463-g3510def36b (webtiles) character file.

Game seed: 483382176713742702

4678 woozlebrain the Cleaver (level 10, -1/71 HPs)
             Began as a Formicid Venom Mage on July 2, 2019.
             Was a Believer of Qazlal.
             Slain by a cyclops (21 damage)
             ... on level 9 of the Dungeon.
             The game lasted 00:34:46 (12081 turns).

woozlebrain the Cleaver (Formicid Venom Mage)      Turns: 12081, Time: 00:34:46

Health: -1/71      AC:  6    Str: 16    XL:     10   Next: 72%
Magic:  10/18      EV: 11    Int: 15    God:    Qazlal [**....]
Gold:   333        SH: 17    Dex: 11    Spells: 9/19 levels left

rFire    . . .     SeeInvis +   a - +0 war axe
rCold    + . .     Gourm    .   B - +0 large shield {rC+}
rNeg     . . .     Faith    .   o - +0 ring mail
rPois    .         Spirit   .   (helmet unavailable)
rElec    .         Reflect  .   (no cloak)
rCorr    .         Harm     .   (no gloves)
MR       +....                  (no boots)
Stlth    +.........             (no amulet)
HPRegen  0.21/turn              s - +3 ring of evasion
MPRegen  0.16/turn              C - ring of flight

@: very slightly contaminated
A: permanent stasis, dig shafts and tunnels, four strong arms, antennae 3
a: Dig, Shaft Self, Upheaval, Renounce Religion, Evoke Flight


You were on level 9 of the Dungeon.
You worshipped Qazlal.
Qazlal was pleased with you.
You were not hungry.

You visited 2 branches of the dungeon, and saw 10 of its levels.
You also visited: Ossuary.

You collected 333 gold pieces.

Inventory:

Hand Weapons
 a - a +0 war axe (weapon)
 d - a +2 trident
Missiles
 e - 6 silver boomerangs (quivered)
 l - 7 curare-tipped darts
 y - 40 poisoned darts
Armour
 o - a +0 ring mail (worn)
 A - a +0 robe
 B - a +0 large shield of cold resistance (worn)
Magical Staves
 D - an uncursed staff of air
Jewellery
 s - a +3 ring of evasion (left hand)
 C - a ring of flight (right hand)
 K - an uncursed ring of wizardry {unknown}
Wands
 h - a wand of iceblast (8)
 t - a wand of acid (10)
 F - a wand of enslavement (11)
 G - a wand of flame (8)
Scrolls
 f - 3 scrolls of blinking {unknown}
 g - 7 scrolls of remove curse
 k - 2 scrolls of immolation
 m - a scroll of magic mapping
 n - a scroll of amnesia
 r - 6 scrolls of teleportation {unknown}
 u - 2 scrolls of noise {unknown}
 w - a scroll of brand weapon {unknown}
 E - 2 scrolls of enchant armour {unknown}
 H - a scroll of enchant weapon {unknown}
 I - a scroll of torment {unknown}
Potions
 b - 4 potions of flight
 i - 4 potions of curing
 j - a potion of heal wounds
 p - a potion of brilliance
 q - a potion of invisibility {unknown}
 v - a potion of experience {unknown}
 x - 3 potions of agility {unknown}
 z - 3 potions of magic
Comestibles
 c - 14 rations
 J - 5 chunks of flesh


   Skills:
 - Level 4.1 Fighting
   Level 0.4 Short Blades
 + Level 8.9 Axes
 - Level 7.0 Armour
 - Level 1.7 Dodging
 - Level 2.4 Stealth
 * Level 5.5 Shields
 - Level 5.3 Spellcasting
 - Level 1.2 Conjurations
 - Level 2.0 Air Magic
 - Level 7.3 Poison Magic
 * Level 2.8 Invocations


You had 9 spell levels left.
You knew the following spells:

 Your Spells              Type           Power        Failure   Level  Hunger
a - Sting                 Conj/Pois      ###.         36%         1    None
b - Poisonous Vapours     Pois/Air       ###...       43%         2    #......
c - Mephitic Cloud        Conj/Pois/Air  ##......     83%         3    ###....
d - Olgreb's Toxic Radia  Pois           ####....     71%         4    ####...

Your spell library contained the following spells:

 Spells                   Type           Power        Failure   Level  Hunger
 Magic Dart               Conj           #...         78%         1    None
 Confusing Touch          Hex            #.....       91%         1    None
 Freeze                   Ice            #...         91%         1    None
 Throw Frost              Conj/Ice       #.....       94%         2    #......
 Call Imp                 Summ           #.......     97%         2    #......
 Slow                     Hex            #.......     97%         2    #......
 Confuse                  Hex            #.......     99%         3    ###....
 Conjure Flame            Conj/Fire      #.......     99%         3    ###....
 Gell's Gravitas          Tloc           #.........   99%         3    ###....
 Ozocubu's Armour         Chrm/Ice       #.......     99%         3    ###....
 Petrify                  Tmut/Erth      #.......     100%        4    ####...
 Summon Ice Beast         Ice/Summ       #.......     100%        4    ####...
 Throw Icicle             Conj/Ice       #.......     100%        4    ####...
 Metabolic Englaciation   Hex/Ice        #.........   100%        5    ######.
 Venom Bolt               Conj/Pois      ###.......   100%        5    ######.
 Yara's Violent Unravell  Hex/Tmut       #.........   100%        5    ######.
 Blink                    Tloc           Unusable     N/A         2    N/A

Dungeon Overview and Level Annotations

Branches:
Dungeon (9/15)             Temple (1/1) D:4
   Lair: D:8-11         Orc: D:9-12

Altars:
Ashenzari
Cheibriados
Dithmenos
Elyvilon
Fedhas
Gozag
Kikubaaqudgha
Nemelex Xobeh
Qazlal
Sif Muna
Trog
Vehumet
Wu Jian
Xom
Yredelemnul
Zin
The Shining One

Annotations:
D:5 exclusion: downstairs
D:6 exclusion: 2 downstairs
D:8 3 runed translucent doors, ThereIsNoGod's ghost, novice OpFi
D:9 Gastronok


Innate Abilities, Weirdness & Mutations

You cannot be hasted, slowed, berserked, paralysed or teleported.
You can dig through walls and to a lower floor.
Your four strong arms can wield two-handed weapons with a shield.
You have a pair of large antennae on your head. (SInv)


Message History

You hit the cyclops but do no damage.
The cyclops is severely wounded.
The cyclops hits you!!
You are too injured to fight recklessly!
You are too injured to fight recklessly!
You are too injured to fight recklessly!
You are too injured to fight recklessly!
Your shield prevents you from hitting the cyclops.
The cyclops is severely wounded.
You hit the cyclops.
The cyclops is severely wounded.
The cyclops hits you!
* * * LOW HITPOINT WARNING * * *
You slash the cyclops!
The cyclops is almost dead.
You block the cyclops's attack.
You hit the cyclops but do no damage.
The cyclops is almost dead.
The cyclops hits you!!
You die...

#.#........^............#
#.##....##.........######
#.....####.........#
#####...#.#####.####.#
#..........#....####.#
#..........#.......#.#
#................#...#
#..........#....°#####
...........#....@C...#
...........#..).####.#
...........##(..#
(..........+#.#.####
...........##.#....#
...###.###.##.####>###
...# #.#.......#.(...#
#### ###.#.....#...#.#
######.#####.#####.#


You could see a cyclops.

Vanquished Creatures
  Erica (D:9)
  Prince Ribbit (D:8)
  5 yaks
  A hungry ghost (D:7)
  2 orc warriors
  4 ice beasts
  A phantom (D:6)
  A black bear (D:9)
  3 ogres
  2 centaurs
  3 bullfrogs
  A wyvern skeleton (D:8)
  2 scorpions
  3 wights (D:6)
  5 killer bees
  A howler monkey (D:4)
  2 centaur zombies
  4 orc priests
  3 bullfrog skeletons
  2 bullfrog zombies
  4 hounds
  A jelly (D:5)
  3 orc wizards
  2 iguanas
  Jessica (D:2)
  A centaur skeleton (D:6)
  7 worker ants
  A big kobold zombie (Ossuary)
  A hound skeleton (D:7)
  3 mummies (Ossuary)
  8 adders
  2 shadow imps (D:6)
  4 oozes
  2 adder skeletons
  3 worms
  3 dart slugs
  5 leopard geckos
  18 orcs
  3 ball pythons (D:2)
  4 giant cockroaches
  A gnoll zombie (Ossuary)
  7 goblins
  7 hobgoblins
  9 jackals
  4 kobolds
  3 quokkas
  9 bats
  9 frilled lizards
  A hobgoblin zombie (Ossuary)
  A jackal skeleton (D:4)
  2 kobold zombies (Ossuary)
  A leopard gecko skeleton (D:6)
  2 orc zombies (Ossuary)
  2 quokka skeletons
  5 rats
186 creatures vanquished.

Notes
Turn   | Place    | Note
-------+----------+-------------------------------------------
     0 | D:1      | woozlebrain the Formicid Venom Mage began the quest for the
                  | Orb.
     0 | D:1      | Reached XP level 1. HP: 13/13 MP: 3/3
   253 | D:1      | Reached XP level 2. HP: 19/19 MP: 3/5
   257 | D:1      | Learned a level 2 spell: Poisonous Vapours
   548 | D:1      | Reached skill level 1 in Conjurations
   890 | D:1      | Reached XP level 3. HP: 24/24 MP: 3/6
  2027 | D:2      | Noticed Jessica
  2031 | D:2      | Killed Jessica
  2031 | D:2      | Reached skill level 5 in Poison Magic
  2031 | D:2      | Reached XP level 4. HP: 31/31 MP: 3/8
  2217 | D:2      | Learned a level 3 spell: Mephitic Cloud
  2735 | D:3      | Reached skill level 1 in Fighting
  2744 | D:3      | Reached XP level 5. HP: 37/37 MP: 6/10
  2792 | D:3      | Found a shimmering altar of Xom.
  3711 | D:4      | Noticed an ogre
  3714 | D:4      | Killed an ogre
  3714 | D:4      | Reached skill level 1 in Armour
  3714 | D:4      | Reached skill level 1 in Air Magic
  3714 | D:4      | Reached XP level 6. HP: 43/43 MP: 3/12
  3786 | D:4      | Found a sand-covered staircase.
  3791 | Ossuary  | Entered an ossuary
  4405 | Ossuary  | Reached XP level 7. HP: 47/52 MP: 13/13
  4555 | Ossuary  | Learned a level 4 spell: Olgreb's Toxic Radiance
  4733 | D:4      | Found a staircase to the Ecumenical Temple.
  4797 | Temple   | Entered the Ecumenical Temple
  4823 | Temple   | Became a worshipper of Qazlal Stormbringer
  5480 | D:4      | Found a shattered altar of Ashenzari.
  5980 | D:4      | Found an ancient bone altar of Kikubaaqudgha.
  6041 | D:5      | Entered Level 5 of the Dungeon
  6271 | D:5      | Found a blossoming altar of Fedhas.
  6280 | D:5      | Reached XP level 8. HP: 60/60 MP: 10/14
  6295 | D:5      | Reached skill level 1 in Axes
  6295 | D:5      | Reached skill level 5 in Armour
  6542 | D:5      | Found a sparkling altar of Nemelex Xobeh.
  7133 | D:6      | Reached skill level 2 in Axes
  7331 | D:6      | Noticed a yak
  7333 | D:6      | Noticed a yak
  7336 | D:6      | Noticed a yak
  7338 | D:6      | Noticed a yak
  7352 | D:6      | Killed a yak
  7352 | D:6      | Reached skill level 3 in Axes
  7369 | D:6      | Noticed a yak
  7446 | D:5      | Killed a yak
  7676 | D:6      | Reached skill level 4 in Axes
  7875 | D:6      | Reached * piety under Qazlal
  8107 | D:6      | Reached XP level 9. HP: 40/65 MP: 10/15
  8392 | D:6      | Reached skill level 5 in Axes
  8729 | D:6      | Reached skill level 6 in Axes
  9227 | D:6      | Reached skill level 5 in Spellcasting
  9445 | D:7      | Found a deep blue altar of Sif Muna.
  9468 | D:7      | Reached skill level 7 in Axes
  9606 | D:7      | Found a stormy altar of Qazlal.
  9750 | D:7      | Reached XP level 10. HP: 59/71 MP: 8/17
 10095 | D:8      | Found a runed translucent gate.
 10096 | D:8      | Found a runed translucent gate.
 10096 | D:8      | Found an opulent altar of Gozag.
 10096 | D:8      | Noticed Prince Ribbit
 10097 | D:8      | Found a runed translucent gate.
 10136 | D:7      | Reached skill level 1 in Shields
 10303 | D:8      | Killed Prince Ribbit
 10303 | D:8      | Reached ** piety under Qazlal
 10521 | D:8      | Reached skill level 8 in Axes
 10527 | D:8      | Noticed ThereIsNoGod's ghost (novice OpFi)
 10531 | D:8      | Reached skill level 1 in Invocations
 10943 | D:8      | Found a bloodstained altar of Trog.
 11529 | D:9      | Noticed Gastronok
 11536 | D:9      | Noticed Erica
 11550 | D:9      | Killed Erica
 11550 | D:9      | Reached skill level 5 in Shields
 11811 | D:9      | Found a radiant altar of Vehumet.
 12061 | D:9      | Noticed a cyclops
 12081 | D:9      | Slain by a cyclops

Levels and vault maps discovered:
D:1:      evilmike_arrival_plus, layout_basic, minmay_strange_pillars
D:2:      layout_basic, st_stairs_1, minmay_misc_feat_five,
          minmay_misc_feat_chi, uniq_jessica
D:3:      layout_rooms, xom_butterflies
D:4:      layout_layer_cave, nicolae_overflow_hidden_temple,
          minmay_temple_entry_proselytizer, enter_ossuary_2,
          cheibrodos_ashenzari_chains
D:5:      minmay_evil_eye, layout_basic, overflow_temple_1_default,
          first_ration, fedhas_altar_3
D:6:      layout_loops_corners, corexii_checkpoint_a, minmay_misc_feat_doors
D:7:      layout_basic, basic_altar, nicolae_qazlal_general_emergency
D:8:      wander_river, layout_rooms, basic_altar, ebering_ghost_gozag,
          uniq_prince_ribbit1
D:9:      layout_basic, old_standard_altar, grunt_ogre_cave, uniq_gastronok,
          uniq_erica
Temple:   compressed_dpeg_circular_temple

Skill      XL: |  1  2  3  4  5  6  7  8  9 10 |
---------------+-------------------------------+-----
Conjurations   | 1 |  1.2
Spellcasting   | 3 4 5 |  5.3
Poison Magic   | 5 6 7 |  7.3
Fighting       | 1 3 4 |  4.1
Armour         | 1 4 6 7 |  7.0
Air Magic      | 1 2 |  2.0
Axes           | 4 7 8 |  8.9
Shields        | 5 |  5.5
Invocations    | 2 |  2.8
Short Blades   | |  0.4
Dodging        | |  1.7
Stealth        | |  2.4

Action                   |  1- 3 |  4- 6 |  7- 9 | 10-12 || total
-------------------------+-------+-------+-------+-------++-------
Melee: Unarmed           |    16 |       |       |       ||    16
       Dagger            |    60 |   264 |   112 |       ||   436
       War axe           |       |       |   170 |   124 ||   294
Throw: Boomerang         |     3 |     6 |    11 |     3 ||    23
 Cast: Sting             |    21 |     1 |       |       ||    22
       Poisonous Vapours |     7 |    43 |    88 |    27 ||   165
       Olgreb's Toxic Ra |       |       |     2 |     1 ||     3
       Mephitic Cloud    |       |       |     1 |       ||     1
 Abil: Dig               |       |       |     1 |       ||     1
       Evoke Flight      |       |       |       |     1 ||     1
Evoke: Wand              |       |     6 |     6 |       ||    12
  Use: Scroll            |       |     8 |     3 |       ||    11
       Potion            |       |       |     4 |     1 ||     5
 Stab: Sleeping          |     2 |     2 |     1 |       ||     5
  Eat: Chunk             |     4 |     9 |    14 |     4 ||    31
       Ration            |       |       |     3 |     2 ||     5
Armor: Robe              |    19 |    12 |       |       ||    31
       Ring mail         |       |    59 |    99 |    30 ||   188
Dodge: Dodged            |    66 |   199 |   247 |    45 ||   557
Block: Other             |       |       |    10 |     1 ||    11
       Large shield      |       |       |       |    88 ||    88

Table legend:
 A = Non-vault XP
 B = Vault XP
 C = Vault XP percentage of total XP
 D = Non-vault monster count
 E = Vault monster count
 F = Vault count percentage of total count
                 A         B        C        D         E       F
            +---------+---------+-------+---------+---------+-------
      Total |    5214 |    1470 |  22.0 |     164 |      22 |  11.8
            +---------+---------+-------+---------+---------+-------
        D:1 |      46 |       0 |   0.0 |      23 |       0 |   0.0
        D:2 |      36 |      52 |  59.1 |      14 |       3 |  17.6
        D:3 |      72 |       0 |   0.0 |      26 |       0 |   0.0
        D:4 |     529 |      44 |   7.7 |      19 |       1 |   5.0
        D:5 |     483 |      57 |  10.6 |      15 |       3 |  16.7
        D:6 |    1804 |       6 |   0.3 |      26 |       2 |   7.1
        D:7 |     954 |       0 |   0.0 |      16 |       0 |   0.0
        D:8 |     835 |     264 |  24.0 |      14 |       1 |   6.7
        D:9 |     455 |     918 |  66.9 |      11 |       1 |   8.3
    Ossuary |       0 |     129 | 100.0 |       0 |      11 | 100.0
            +---------+---------+-------+---------+---------+-------
